 Dungeon Crawl Stone Soup version 0.30-a0-6-g7c9e10e132 (webtiles) character file.

Game seed: 10528916660417832948

562 SensoryNuts the Cleaver (level 7, -11/60 HPs)
             Began as a Hill Orc Fighter on Aug 22, 2022.
             Was an Initiate of Gozag.
             Mangled by Menkaure (17 damage)
             ... on level 4 of the Dungeon.
             The game lasted 00:06:25 (5661 turns).

SensoryNuts the Cleaver (Hill Orc Fighter)          Turns: 5661, Time: 00:06:26

Health: -11/60     AC: 16    Str: 27    XL:     7   Next: 32%
Magic:  7/7        EV: 10    Int:  8    God:    Gozag
Gold:   127        SH:  4    Dex: 10    Spells: 6/6 levels left

rFire   . . .      SeeInvis .    a - +1 war axe (protect)
rCold   . . .      Faith    .    c - +0 buckler
rNeg    . . .      Spirit   .    b - +0 scale mail
rPois   .          Reflect  .    (no helmet)
rElec   .          Harm     .    s - +1 cloak
rCorr   .          Rampage  .    (no gloves)
Will    .....                    (no boots)
Stlth   ..........               (no amulet)
HPRegen 0.20/turn                i - +6 ring of strength
MPRegen 0.10/turn                (no ring)

@: under a protective aura
A: sense surroundings 2
a: Renounce Religion, Potion Petition, Call Merchant, Bribe Branch


You were on level 4 of the Dungeon.
You worshipped Gozag.
Gozag was aware of your devotion.
You visited 2 branches of the dungeon, and saw 5 of its levels.
You also visited: Ossuary.

You collected 200 gold pieces.
You paid 73 gold pieces to Gozag.

Inventory:

Hand Weapons
 a - a +1 war axe of protection (weapon)
Armour
 b - a +0 scale mail (worn)
 c - a +0 buckler (worn)
 s - a +1 cloak (worn)
Jewellery
 i - a +6 ring of strength (left hand)
 k - a +6 ring of intelligence
Scrolls
 d - a scroll of fog
 f - a scroll of blinking
 j - 3 scrolls of noise
 n - 5 scrolls of teleportation
Potions
 e - 2 potions of lignification
 m - a potion of brilliance


   Skills:
 + Level 4.7 Fighting
 * Level 8.3 Axes
 + Level 4.1 Armour
 + Level 1.1 Dodging
 + Level 0.4 Stealth
 + Level 4.0 Shields


You had 6 spell levels left.
You didn't know any spells.
Your spell library contained the following spells:

 Spells                   Type           Power      Damage    Failure   Level
 Ozocubu's Armour         Ice            0%         N/A       98%         3
 Ozocubu's Refrigeration  Ice            0%         4d7       100%        7


Dungeon Overview and Level Annotations

Branches:
Dungeon (4/15)             Temple (1/1) D:4         Ossuary (visited)

Altars:
Ashenzari
Cheibriados
Dithmenos
Elyvilon
Fedhas
Gozag
Hepliaklqana
Kikubaaqudgha
Makhleb
Okawaru
Qazlal
Ru
Sif Muna
Uskayaw
Vehumet
Wu Jian
Xom
Yredelemnul
The Shining One

Shops:
D:3 [

Portals:
Abyss: D:3

Annotations:
D:3 2 transporters, purpskrrrp's ghost, amateur DjCj
D:4 4 runed translucent doors, Menkaure


Innate Abilities, Weirdness & Mutations

You passively map the area around you.


Message History

Menkaure shouts!
Menkaure is nearby!
Found an escape hatch in the ceiling.
Menkaure casts a spell.
Menkaure seems to speed up.
Okay, then.
Found 5 gold pieces.
Menkaure casts a spell at you.
You struggle to resist.
Menkaure calls on the powers of darkness!
Your body is wracked with pain!
You feel better.
Menkaure points at you and mumbles some strange words.
Pain shoots through your body!
You slash Menkaure!
Your weapon exudes an aura of protection.
Menkaure is moderately damaged.
Menkaure barely misses you.
Menkaure calls on the powers of darkness!
Your body is wracked with pain!
You slash Menkaure!
Menkaure is almost destroyed.
Menkaure closely misses you.
You closely miss Menkaure.
Menkaure is almost destroyed.
Menkaure hits you but does no damage.
Menkaure calls on the powers of darkness!
Your body is wracked with pain!
* * * LOW HITPOINT WARNING * * *
You completely miss Menkaure.
Menkaure is almost destroyed.
Menkaure casts a spell at you. Pain shoots through your body!
* * * LOW HITPOINT WARNING * * *
Okay, then.
You hit Menkaure but do no damage.
Menkaure is almost destroyed.
Menkaure hits you!
You die...
Your body crumbles into a pile of gold.

* , , , * ,, *, ..# * ** , ,
* * * ..###########,, * ,
.$......... *** ,*
##.......<## ,, *
#..........# * , # #
*##..........## * .# *#.*
#?....M......## * ..####.,
#.....@........ #......*
#............# *
#...#####............# *
####...................# # *
......####.............##*.#
##.....# #..............##.#
##....###............#....#
#..#.#..............#
...###.*
#...................##......#


You could see Menkaure (fast).

Vanquished Creatures
  Sigmund (D:3)
  5 centaur zombies (Ossuary)
  Crazy Yiuf (D:2)
  Natasha (D:4)
  5 mummies (Ossuary)
  Robin (D:2)
  An adder (D:2)
  2 worms
  2 dart slugs (D:2)
  7 orcs
  9 ball pythons
  3 endoplasms
  3 giant cockroaches
  13 goblins
  9 hobgoblins
  2 jackals (D:2)
  A quokka (D:2)
  8 bats
  3 frilled lizards (D:2)
  2 hobgoblin zombies (Ossuary)
  4 kobolds
  8 rats
91 creatures vanquished.

Notes
Turn   | Place    | Note
-------+----------+-------------------------------------------
     0 | D:1      | SensoryNuts the Hill Orc Fighter began the quest for the
                  | Orb.
     0 | D:1      | Reached XP level 1. HP: 19/19 MP: 1/1
   464 | D:1      | Reached XP level 2. HP: 27/27 MP: 2/2
   857 | D:2      | Reached skill level 3 in Axes
   917 | D:2      | Found a basalt altar of Yredelemnul.
  1102 | D:2      | Reached XP level 3. HP: 33/33 MP: 3/3
  1105 | D:2      | Found a faded altar of an unknown god.
  1313 | D:2      | Noticed Robin
  1322 | D:2      | Reached skill level 4 in Axes
  1336 | D:2      | Killed Robin
  1337 | D:2      | Reached XP level 4. HP: 19/40 MP: 4/4
  1750 | D:2      | Found a runed translucent door.
  1751 | D:2      | Noticed Crazy Yiuf
  2054 | D:2      | Killed Crazy Yiuf
  2055 | D:2      | Reached skill level 5 in Axes
  2980 | D:3      | Noticed Sigmund
  3018 | D:3      | Killed Sigmund
  3019 | D:3      | Reached skill level 6 in Axes
  3019 | D:3      | Reached XP level 5. HP: 17/47 MP: 5/5
  3019 | D:3      | Reached XP level 6. HP: 19/53 MP: 6/6
  3260 | D:3      | Found a transporter.
  3329 | D:3      | Identified the +5 dagger of Suojebyh {flame, Str+3 Dex-3
                  | SInv}
  3346 | D:3      | Found a transporter.
  3355 | D:3      | Found a one-way gate to the infinite horrors of the Abyss.
  3355 | D:3      | Noticed purpskrrrp's ghost (amateur DjCj)
  3652 | D:3      | Found Esihoiru's Antique Armour Shop.
  3690 | D:3      | Noticed a small abomination
  4528 | D:4      | Found a sand-covered staircase.
  4541 | D:4      | Noticed Natasha
  4549 | D:4      | Killed Natasha
  4550 | D:4      | Reached skill level 1 in Dodging
  4557 | Ossuary  | Entered an ossuary
  4570 | Ossuary  | Reached skill level 7 in Axes
  4576 | Ossuary  | Reached XP level 7. HP: 23/60 MP: 7/7
  4579 | Ossuary  | Reached skill level 8 in Axes
  4870 | Ossuary  | Gained mutation: You passively map a small area around you.
                  | [potion of mutation]
  4870 | Ossuary  | Gained mutation: You passively map the area around you.
                  | [potion of mutation]
  4921 | D:4      | Found a large runed translucent door.
  4921 | D:4      | Found a large runed translucent door.
  4939 | D:4      | Found a staircase to the Ecumenical Temple.
  4949 | D:4      | Found a large runed translucent door.
  4949 | D:4      | Found a large runed translucent door.
  4976 | D:4      | Noticed Menkaure
  4986 | Temple   | Entered the Ecumenical Temple
  5488 | Temple   | Became a worshipper of Gozag Ym Sagoz the Greedy
  5619 | D:4      | Found a snail-covered altar of Cheibriados.
  5661 | D:4      | Mangled by Menkaure

Illustrated notes

Levels and vault maps discovered:
D:1:      dpeg_arrival_prison, layout_loops_ring, grunt_decor_clamped,
          minmay_misc_feat_diagonals
D:2:      layout_loops_cross, hellmonk_ecumenical_altar_blasted, basic_altar,
          st_stairs_3, minmay_misc_feat_square, uniq_robin,
          uniq_crazy_yiuf_cottage
D:3:      layout_loops_corners, gammafunk_ghost_abyssal_escape, serial_shops,
          shop, chequers_serial_rivers_micro_a, uniq_sigmund
D:4:      layout_layer_cave, nicolae_overflow_hidden_temple,
          minmay_temple_entry_overgrown, enter_ossuary_1,
          minmay_hollow_rounded_squares, uniq_natasha, uniq_menkaure
Temple:   dpeg_five_rooms_temple

Skill      XL: |  1  2  3  4  5  6  7 |
---------------+----------------------+-----
Fighting       | 4 |  4.7
Axes           | 3 4 6 7 8 |  8.3
Armour         | 4 |  4.1
Dodging        | 1 |  1.1
Shields        | 4 |  4.0
Stealth        | |  0.4

Action                   |  1- 3 |  4- 6 |  7- 9 || total
-------------------------+-------+-------+-------++-------
Melee: War axe           |   114 |   113 |    21 ||   248
  Use: Potion            |     1 |     9 |     4 ||    14
       Scroll            |       |     7 |     4 ||    11
Armor: Scale mail        |    64 |    46 |     4 ||   114
       Skin              |       |    65 |     8 ||    73
Dodge: Dodged            |    64 |    40 |     7 ||   111
Block: Buckler           |    31 |    21 |     2 ||    54

Table legend: (Time is in decaauts)
 A = Elapsed time spent in this place.
 B = Non-inter-level travel time spent in this place.
 C = Inter-level travel time spent in this place.
 D = Time resting spent in this place.
 E = Time spent auto-exploring this place.
 F = Levels seen in this place.
 G = Mean time per level.
                   A        B        C        D        E       F      G
               +--------+--------+--------+--------+--------+-----+--------+
         Total |   5733 |   5519 |    214 |    629 |   4206 |   6 |  955.5 |
       Dungeon |   4877 |   4761 |    116 |    622 |   3540 |   4 | 1219.2 |
        Temple |    535 |    437 |     98 |      0 |    422 |   1 |  535.0 |
       Ossuary |    320 |    320 |      0 |      7 |    244 |   1 |  320.0 |
               +--------+--------+--------+--------+--------+-----+--------+

Top non-repeatable levels by time:
     D:2: 2087 daAuts
     D:3: 1210 daAuts
     D:1: 864 daAuts
     D:4: 715 daAuts
  Temple: 535 daAuts
 Ossuary: 320 daAuts
